 Dungeon Crawl Stone Soup version 0.27.1-2-g3b301248ec (webtiles) character file.

Game seed: 8314040226608145543

83 worthlessgem the Skirmisher (level 4, -5/37 HPs)
             Began as a Djinni Warper on Sept 24, 2021.
             Killed by divine providence
             ... invoked by an orc priest
              (8 damage)
             ... on level 4 of the Dungeon.
             The game lasted 00:13:09 (3686 turns).

worthlessgem the Skirmisher (Djinni Warper)         Turns: 3686, Time: 00:13:10

Health: -5/37      AC:  3    Str: 10    XL:     4   Next: 71%
Gold:   91         EV: 11    Int: 15    God:
                   SH:  0    Dex: 13

rFire    + + .     SeeInvis .   s - +0 hand axe (vamp)
rCold    x . .     Faith    .   (no shield)
rNeg     . . .     Spirit   .   b - +0 leather armour
rPois    ∞         Reflect  .   (no helmet)
rElec    .         Harm     .   (no cloak)
rCorr    .         Rampage  .   (no gloves)
Will     .....                  (boots unavailable)
Stlth    +.........             (no amulet)
HPRegen  0.12/turn              (no ring)
MPRegen  0.00/turn              (no ring)

@: flying
A: sickness immunity, fire resistance 2, cold vulnerability 1, float, innate
caster, hp casting, extra vitality 1
a: no special abilities


You were on level 4 of the Dungeon.
You visited 1 branch of the dungeon, and saw 4 of its levels.

You collected 91 gold pieces.

Inventory:

Hand Weapons
 a - a +0 falchion
 g - a +2 short sword of flaming
 s - a +0 vampiric hand axe (weapon)
Missiles
 d - 5 boomerangs of dispersal
 h - 36 sling bullets
 i - 46 stones (quivered)
Armour
 b - a +0 leather armour (worn)
Jewellery
 q - a +4 ring of protection
Scrolls
 c - 2 scrolls of blinking
 e - a scroll of fog {unknown}
 f - 2 scrolls of amnesia {unknown}
 l - a scroll of vulnerability {unknown}
 m - a scroll of brand weapon {unknown}
 n - a scroll of immolation {unknown}
 o - a scroll of magic mapping {unknown}
 p - a scroll of teleportation {unknown}
Potions
 k - a potion of flight {unknown}
 r - a potion of curing {unknown}


   Skills:
 - Level 4.1 Fighting
 + Level 2.4 Long Blades
 - Level 0.7 Throwing
 - Level 1.0 Armour
 - Level 2.1 Dodging
 * Level 2.4 Spellcasting


You couldn't memorise any spells.
You knew the following spells:

 Your Spells              Type           Power      Damage    Failure   Level
a - Blink                 Tloc           N/A        N/A       16%         2
b - Lesser Beckoning      Tloc           4%         N/A       30%         3
c - Gell's Gravitas       Tloc           4%         N/A       30%         3
d - Teleport Other        Tloc           9%         N/A       30%         3
e - Manifold Assault      Tloc           9%         N/A       96%         5
f - Pain                  Necr           36%        1d5       11%         1
Your spell library was empty.

Dungeon Overview and Level Annotations

Branches:
Dungeon (4/15)             Temple (0/1) D:4

Altars:
Vehumet

Annotations:
D:3 Robin


Innate Abilities, Weirdness & Mutations

You are immune to sickness and miasma.
You are immune to poison.
Your flesh is very heat resistant. (rF++)
You are vulnerable to cold. (rC-)
You float through the air rather than walking.
You learn spells naturally, not from books.
Your magical power is your life essence.
You have superior vitality. (+4 HP)


Message History

An orc comes into view. It is wielding a +0 club.
Found a staircase to the Ecumenical Temple.
An orc comes into view. It is wielding a +0 short sword.
An orc priest comes into view. It is wielding a +0 whip.
The orc priest shouts!
You hear a shout! x2
The orc priest calls down the wrath of Beogh upon you.
Beogh smites you!
Casting: Pain (safe; 11% risk of failure)
Confirm with . or Enter, or press ? or * to list all spells.
Okay, then.
Okay, then.
An iguana and a ball python come into view.
The ball python hisses angrily.
The iguana hisses angrily.
The orc priest miscasts a cantrip.
You closely miss the orc priest. The orc priest misses you.
You hit the orc priest.
You feel better.
The orc priest is lightly wounded.
The orc priest calls down the wrath of Beogh upon you.
Pain shoots through your body! The iguana barely misses you.
Unknown command.
You hit the orc priest but do no damage.
The orc priest is lightly wounded.
You barely miss the iguana. The orc priest hits you with a +0 whip.
The iguana bites you!
* * * LOW HITPOINT WARNING * * *
The orc hits you with a +0 short sword.
* * * LOW HITPOINT WARNING * * *
It was a potion of heal wounds.
You feel much better. The orc priest misses you.
An orc comes into view. It is wielding a +0 flail.
The iguana bites you!
* * * LOW HITPOINT WARNING * * *
The orc hits you with a +0 short sword.
* * * LOW HITPOINT WARNING * * *
You barely miss the orc priest.
The orc priest is lightly wounded.
You hit the orc but do no damage. You barely miss the iguana.
The orc priest mumbles some strange prayers to Beogh against you.
Beogh smites you!
You die...

#.##.##.8.###..###.#
.....#..........##.#### .
..##.#8.>.8#..#.......#####...
#.##........o...#####.#...o...
#.# #.8.#.###o# #......... # .
.. #.# #.#....... ... #.#
#.###..$.. ... #o#####.# #...
## #o@lS...# .. ####.#### .
... l.... ....... .......
....... .......


You could see an iguana, an orc priest, 2 orcs and a ball python.

Vanquished Creatures
  3 adders
  2 worms (D:3)
  3 dart slugs
  An orc (D:4)
  5 endoplasms
  2 giant cockroaches
  3 hobgoblins
  2 kobolds
  2 quokkas
  4 ball pythons
  4 bats (D:1)
  5 frilled lizards
  5 goblins
  A rat (D:1)
42 creatures vanquished.

Notes
Turn   | Place    | Note
-------+----------+-------------------------------------------
     0 | D:1      | worthlessgem the Djinni Warper began the quest for the Orb.
     0 | D:1      | Reached XP level 1. HP: 18/18 MP: 0/0
   351 | D:1      | Found a faded altar of an unknown god.
   395 | D:1      | Reached XP level 2. HP: 24/24 MP: 0/0
  1025 | D:1      | Reached skill level 3 in Fighting
  1394 | D:1      | Reached XP level 3. HP: 23/30 MP: 0/0
  1394 | D:1      | Learned a level 1 spell: Pain
  2326 | D:2      | Reached XP level 4. HP: 33/37 MP: 0/0
  3059 | D:3      | Reached skill level 4 in Fighting
  3504 | D:3      | Noticed Robin
  3663 | D:4      | Found a staircase to the Ecumenical Temple.
  3686 | D:4      | Killed from afar by an orc priest

Illustrated notes

Levels and vault maps discovered:
D:1:      eino_arrival_water_cross, layout_basic,
          hellmonk_ecumenical_altar_zigzags
D:2:      layout_loops_cross, basic_altar, kennysheep_generic_room_10
D:3:      layout_rooms, uniq_robin
D:4:      layout_loops_cross, minmay_temple_entry_statues_pillars

Skill      XL: |  1  2  3  4 |
---------------+-------------+-----
Fighting       | 3 4 |  4.1
Long Blades    | 2 |  2.4
Throwing       | |  0.7
Armour         | |  1.0
Dodging        | |  2.1
Spellcasting   | |  2.4

Action                   |  1- 3 |  4- 6 || total
-------------------------+-------+-------++-------
Melee: Falchion          |    85 |    47 ||   132
       Hand axe          |       |     4 ||     4
Throw: Stone             |     3 |       ||     3
 Cast: Pain              |     1 |     8 ||     9
  Use: Potion            |       |     1 ||     1
Armor: Leather armour    |    23 |     7 ||    30
Dodge: Dodged            |    60 |    25 ||    85
       Rpst.: Falchion   |    14 |     8 ||    22
